 Dungeon Crawl Stone Soup version 0.29.1-2-gbd0b4ee654 (webtiles) character file.

Game seed: 5021435712868176996

2 zermelo the Trooper (level 1, -2/18 HPs)
             Began as a Formicid Berserker on Nov 30, 2022.
             Was a Follower of Trog.
             Slain by a quokka (3 damage)
             ... on level 1 of the Dungeon.
             The game lasted 00:01:27 (118 turns).

zermelo the Trooper (Formicid Berserker)             Turns: 118, Time: 00:01:28

Health: -2/18      AC:  2    Str: 21    XL:     1   Next: 44%
Magic:  1/1        EV: 12    Int:  6    God:    Trog [*.....]
Gold:   19         SH:  0    Dex: 13    Spells: 0/0 levels left

rFire   . . .      SeeInvis +   a - +0 hand axe
rCold   . . .      Faith    .   (no shield)
rNeg    . . .      Spirit   .   b - +0 animal skin
rPois   .          Reflect  .   (helmet unavailable)
rElec   .          Harm     .   (no cloak)
rCorr   .          Rampage  .   (no gloves)
Will    .....                   (no boots)
Stlth   +.........              (no amulet)
HPRegen 0.06/turn               (no ring)
MPRegen 0.07/turn               (no ring)

@: no status effects
A: permanent stasis, dig shafts and tunnels, antennae 3, four strong arms
a: Dig, Shaft Self, Renounce Religion


You were on level 1 of the Dungeon.
You worshipped Trog.
Trog was aware of your devotion.
You visited 1 branch of the dungeon, and saw 1 of its levels.

You collected 19 gold pieces.

Inventory:

Hand Weapons
 a - a +0 hand axe (weapon)
Armour
 b - a +0 animal skin (worn)
Scrolls
 d - a scroll of vulnerability {unknown}
Potions
 c - a potion of heal wounds {unknown}


   Skills:
 + Level 3.3 Fighting
 + Level 3.0 Axes
 - Level 2.2 Armour
 - Level 1.8 Dodging


You couldn't memorise any spells.
You didn't know any spells.
Your spell library was empty.

Dungeon Overview and Level Annotations

Branches:
Dungeon (1/15)

Altars:


Innate Abilities, Weirdness & Mutations

You cannot be hasted, slowed, berserked, paralysed or teleported.
You can dig through walls and to a lower floor.
You have a pair of large antennae on your head. (SInv)
Your four strong arms can wield two-handed weapons with a shield.


Message History

The giant cockroach bites you but does no damage.
The quokka completely misses you.
You barely miss the giant cockroach. You hit the quokka.
The giant cockroach closely misses you. The quokka bites you.
The giant cockroach completely misses you.
You hit the giant cockroach.
The giant cockroach is heavily wounded.
You miss the quokka. The quokka bites you.
The giant cockroach closely misses you.
The quokka bites you but does no damage.
You closely miss the giant cockroach.
The giant cockroach is heavily wounded.
You hit the quokka. The giant cockroach bites you. The quokka bites you.
The giant cockroach closely misses you.
You closely miss the giant cockroach.
The giant cockroach is heavily wounded.
You closely miss the quokka. The quokka bites you.
* * * LOW HITPOINT WARNING * * *
The giant cockroach bites you but does no damage.
The quokka misses you.
You closely miss the giant cockroach.
The giant cockroach is heavily wounded.
You hit the quokka but do no damage. The giant cockroach barely misses you.
The quokka barely misses you.
You closely miss the giant cockroach.
The giant cockroach is heavily wounded.
You hit the quokka. The giant cockroach barely misses you.
The quokka twitches its whiskers.
The quokka bites you.
* * * LOW HITPOINT WARNING * * *
The giant cockroach bites you but does no damage.
The giant cockroach attacks as you move away!
The giant cockroach closely misses you.
The quokka twitches its whiskers.
The quokka barely misses you.
You closely miss the quokka.
The quokka is severely wounded.
You hit the giant cockroach. The giant cockroach barely misses you.
The quokka bites you.
You die...

######.........#
#>...+.........#
#.####.....†...#
#..#########.#†.
###...............
######
#........#####.#.#
#..... #........#
#.#.# #.....
#........# #.#.#
#.....##@.......#
#.#.#
#......Br..######
#.#.# #..........#
###.#.#
#####......# #...#
# #......# #.....#
#.....## #.....#
##.#.... #..
#.#.#### #.. #.#.#
{ ###


You could see a quokka and a giant cockroach.

Vanquished Creatures
  A hobgoblin (D:1)
  A bat (D:1)
  A rat (D:1)
3 creatures vanquished.

Notes
Turn   | Place    | Note
-------+----------+-------------------------------------------
     0 | D:1      | zermelo the Formicid Berserker began the quest for the Orb.
     0 | D:1      | Reached XP level 1. HP: 18/18 MP: 1/1
   118 | D:1      | Slain by a quokka

Illustrated notes

Levels and vault maps discovered:
D:1:      lightli_arrival_boilingwater, layout_basic

Action                   || total
-------------------------++-------
Melee: Hand axe          ||    21
Armor: Animal skin       ||     8
Dodge: Dodged            ||    22
